 Dungeon Crawl Stone Soup version 0.24-a0-525-g9231cdcba1 (console) character file.

Game seed: 15854233616538178189

326640 Abuh the Hoplite (level 20, -12/206 HPs)
             Began as a Deep Dwarf Fighter on Aug 2, 2019.
             Was the Champion of Makhleb.
             Killed from afar by a frost giant (31 damage)
             ... with a bolt of cold
             ... on level 1 of the Depths.
             The game lasted 02:13:50 (30533 turns).

Abuh the Hoplite (Deep Dwarf Fighter)              Turns: 30533, Time: 02:13:50

Health: -12/206    AC: 33    Str: 40    XL:     20   Next: 76%
Magic:  18/18      EV:  9    Int: 17    God:    Makhleb [******]
Gold:   2193       SH: 34    Dex: 15    Spells: 19/19 levels left

rFire    . . .     SeeInvis +   G - +6 broad axe (flame)
rCold    . . .     Gourm    .   x - +0 large shield
rNeg     + + .     Faith    .   Q - +6 plate armour of the Dropbear {MR+ Str+4}
rPois    +         Spirit   .   K - +2 helmet {SInv}
rElec    +         Reflect  +   Y - +2 cloak {rPois}
rCorr    +         Harm     .   B - +0 pair of gloves {Dex+3}
MR       ++++.                  m - +2 pair of boots "Xebemer" {Int+7}
Stlth    ..........             y - +5 amulet of reflection
HPRegen  0.00/turn              U - ring "Secune" {rElec rN+ Str+6}
MPRegen  0.16/turn              T - ring of Jyeniew {rCorr Str+4}

@: very slightly contaminated, non-regenerating
A: damage resistance, heal wounds, dopey 1, negative energy resistance 1, sense
surroundings 3, no regeneration
}: 2/15 runes: decaying, serpentine
a: Heal Wounds, Minor Destruction, Lesser Servant of Makhleb, Major Destruction,
Greater Servant of Makhleb, Renounce Religion


You were on level 1 of the Depths.
You worshipped Makhleb.
Makhleb was exalted by your worship.
You were not hungry.

You visited 8 branches of the dungeon, and saw 38 of its levels.
You visited the Abyss 1 time.
You also visited: Ossuary, Bailey, Ice Cave and Desolation.

You collected 4024 gold pieces.
You spent 1831 gold pieces at shops.

Inventory:

Hand Weapons
 G - a +6 broad axe of flaming (weapon)
Armour
 m - the +2 pair of boots "Xebemer" (worn) {Int+7}
   (You bought it in a shop on level 4 of the Vaults)

   It affects your intelligence (+7).
 x - a +0 large shield (worn)
 B - a +0 pair of gloves of dexterity (worn)
 H - a +1 pair of boots
 K - a +2 helmet of see invisible (worn)
 Q - the +6 plate armour of the Dropbear (worn) {MR+ Str+4}
   (You found it on level 6 of the Lair of Beasts)

   It affects your strength (+4).
   It affects your resistance to hostile enchantments.
 Y - a +2 cloak of poison resistance (worn)
Jewellery
 y - a +5 amulet of reflection (around neck)
 C - an uncursed ring of magical power
 E - an uncursed ring of flight
 R - an uncursed ring of see invisible {unknown}
 T - the ring of Jyeniew (right hand) {rCorr Str+4}
   (You found it on level 12 of the Dungeon)

   [ring of resist corrosion]

   It affects your strength (+4).
   It provides partial protection from all sources of acid and corrosion.
 U - the ring "Secune" (left hand) {rElec rN+ Str+6}
   (You bought it in a shop on level 2 of the Orcish Mines)

   [ring of positive energy]

   It affects your strength (+6).
   It insulates you from electricity.
   It protects you from negative energy.
Wands
 a - a wand of disintegration (12)
 g - a wand of random effects (29)
 z - a wand of digging (6)
 O - a wand of acid (23)
Scrolls
 b - a scroll of silence {unknown}
 c - 2 scrolls of vulnerability {unknown}
 e - 4 scrolls of identify
 i - 8 scrolls of blinking
 j - 17 scrolls of amnesia
 l - 14 scrolls of remove curse
 o - 16 scrolls of teleportation
 q - 2 scrolls of fear
 r - 2 scrolls of brand weapon {unknown}
 s - 4 scrolls of magic mapping
 D - 4 scrolls of immolation {unknown}
 F - 3 scrolls of holy word {unknown}
 I - a scroll of acquirement {unknown}
 J - 5 scrolls of noise {unknown}
 P - 3 scrolls of fog
 W - 4 scrolls of summoning {unknown}
Potions
 d - 5 potions of might
 h - 16 potions of curing
 n - a potion of invisibility {unknown}
 t - 3 potions of mutation {unknown}
 v - 5 potions of magic
 w - 3 potions of berserk rage
 A - 5 potions of flight
 M - 5 potions of brilliance
 N - 5 potions of agility {unknown}
 S - 2 potions of cancellation {unknown}
 V - 2 potions of ambrosia
 Z - 3 potions of haste {unknown}
Comestibles
 f - 44 rations
 k - 15 chunks of flesh


   Skills:
 + Level 18.6 Fighting
 - Level 18.0 Axes
 - Level 11.0 Armour
 - Level 25.0 Shields
 - Level 5.1 Evocations


You had 19 spell levels left.
You didn't know any spells.
Your spell library contained the following spells:

 Spells                   Type           Power        Failure   Level  Hunger
 Animate Skeleton         Necr           N/A          71%         1    ##.....
 Apportation              Tloc           #.....       71%         1    ##.....
 Beastly Appendage        Tmut           #.....       71%         1    ##.....
 Confusing Touch          Hex            #.....       71%         1    ##.....
 Corona                   Hex            #......      71%         1    ##.....
 Flame Tongue             Conj/Fire      #....        71%         1    ##.....
 Magic Dart               Conj           #...         71%         1    ##.....
 Sandblast                Erth           #.....       71%         1    ##.....
 Summon Butterflies       Summ           #.......     71%         1    ##.....
 Summon Small Mammal      Summ           #...         71%         1    ##.....
 Passwall                 Tmut/Erth      #.......     83%         2    ###....
 Searing Ray              Conj           #.....       83%         2    ###....
 Shroud of Golubria       Chrm/Tloc      #.....       83%         2    ###....
 Slow                     Hex            #.......     83%         2    ###....
 Sticks to Snakes         Tmut           #.......     83%         2    ###....
 Throw Flame              Conj/Fire      #.....       83%         2    ###....
 Conjure Flame            Conj/Fire      #.......     97%         3    ####...
 Dazzling Spray           Conj/Hex       #.....       97%         3    ####...
 Ignite Poison            Fire/Tmut/Pois #.......     97%         3    ####...
 Inner Flame              Hex/Fire       #.......     97%         3    ####...
 Portal Projectile        Hex/Tloc       #.....       97%         3    ####...
 Spider Form              Tmut/Pois      #.........   97%         3    ####...
 Stone Arrow              Conj/Erth      #.....       97%         3    ####...
 Cause Fear               Hex            #.........   100%        4    #####..
 Force Lance              Conj/Tloc      #.......     100%        4    #####..
 Fulminant Prism          Conj/Hex       #.........   100%        4    #####..
 Ice Form                 Ice/Tmut       #.......     100%        4    #####..
 Iskenderun's Mystic Bla  Conj           #.......     100%        4    #####..
 Leda's Liquefaction      Hex/Erth       #.........   100%        4    #####..
 Petrify                  Tmut/Erth      #.......     100%        4    #####..
 Sticky Flame             Conj/Fire      #.......     100%        4    #####..
 Blade Hands              Tmut           #.........   100%        5    ######.
 Fireball                 Conj/Fire      #.........   100%        5    ######.
 Lee's Rapid Deconstruct  Erth           #.........   100%        5    ######.
 Bolt of Fire             Conj/Fire      #.........   100%        6    #######
 Disjunction              Tloc           #.........   100%        8    #######


Dungeon Overview and Level Annotations

Branches:
Dungeon (15/15)            Temple (1/1) D:7            Lair (6/6) D:9
  Swamp (4/4) Lair:2        Snake (4/4) Lair:3        Slime (0/5) Lair:6
    Orc (2/2) D:12            Elf (0/3) Orc:2        Vaults (5/5) D:14
  Crypt (0/3) Vaults:3     Depths (1/5) D:15

Altars:
Ashenzari
Cheibriados
Dithmenos
Elyvilon
Fedhas
Gozag
Hepliaklqana
Kikubaaqudgha
Makhleb
Nemelex Xobeh
Okawaru
Qazlal
Ru
Sif Muna
Trog
Uskayaw
Vehumet
Wu Jian
Xom
Yredelemnul
Zin
The Shining One
Beogh
Jiyva

Shops:
D:8 [   Orc:2 (=*[   Vaults:4 ([

Portals:
Hell: Lair:6

Annotations:
Lair:3 exclusion: 2 oklob plants
Vaults:2 3 runed translucent doors, Azul's ghost, veteran MiFi


Innate Abilities, Weirdness & Mutations

You are resistant to damage.
You can heal yourself by infusing magical energy.
You resist negative energy. (rN+)
You passively map a large area around you.
You do not regenerate.
You are dopey. (Int -2)


Message History

The bolt of cold hits you but does no damage.
Okay, then.
You slice the frost giant!! You burn the frost giant!
The frost giant is severely wounded.
The frost giant gestures at you while chanting.
The bolt of cold hits the frost giant.
The frost giant resists.
The bolt of cold hits you!
* * * LOW HITPOINT WARNING * * *
You slice the frost giant!! You burn the frost giant.
The frost giant is almost dead.
The frost giant gestures at you while chanting.
The bolt of cold hits you!!
* * * LOW HITPOINT WARNING * * *
Blink to where?
Press: ? - help, Dir - move target cursor You are very lightly contaminated with residual magic.
As you read the scroll of blinking, it crumbles to dust.
The frost giant points at you and mumbles some strange words.
The bolt of cold hits you!!
You die...

,, , #...# ,* *, *
####.#### * ,
##.###.#.## *, , *
, ##C..###)..##**
> , * *
##.#.#C###.#.### *
, * *
*##.#####.#####[.#
, * * , * #...#
#...# #...#* *
##C#####.#####..#
** ,*
##.#.###@#.#.#.# *
, *
,,*##..C###)..####
* * *
##.#.###.#[#.# *,
* ####C#####..# ,
+ , ,,* * #...#
#...# * ,, ,
*##)## ##..# **, ,
#.#.# *##.#
#..C###.. *### , *
#.#.# #.#,


You could see a frost giant.

Vanquished Creatures
  Nikola (Swamp:1)
  A lich (Depths:1)
  2 titans (Depths:1)
  A tentacled starspawn (Abyss:1)
  Frances (Swamp:2)
  2 sphinxes
  Kirke (Swamp:1)
  4 nagarajas (Snake:4)
  3 deep elf sorcerers
  6 fire giants
  13 vault wardens
  4 frost giants
  2 imperial myrmidons (Desolation)
  2 orc warlords
  Louise (Swamp:1)
  5 stone giants
  A war gargoyle (Vaults:4)
  17 ironheart preservers
  An entropy weaver (shapeshifter) (D:15)
  A deep elf annihilator (Vaults:1)
  Snorg (D:11)
  4 ettins
  2 dire elephants (Lair:6)
  A deep elf death mage (Vaults:2)
  5 fire dragons
  Fannar (Lair:1)
  Harold (D:9)
  5 peacekeepers (Desolation)
  12 ogre magi
  13 naga warriors
  A rakshasa (Vaults:1)
  7 yaktaur captains
  10 vault guards
  23 hydras
  4 servants of whispers (Desolation)
  A ragged hierophant (Desolation)
  8 ice dragons
  5 centaur warriors
  3 shambling mangroves
  2 anacondas (Snake:2)
  A dancing weapon (Abyss:1)
  10 alligators
  A deep troll shaman (Vaults:1)
  31 two-headed ogres
  2 tengu warriors
  8 naga sharpshooters
  A spriggan berserker (Swamp:4)
  4 death yaks (Lair:2)
  6 shock serpents
  2 deep troll earth magi
  3 orc high priests
  Sonja (D:11)
  A sun demon (Lair:6)
  2 wretched stars (Abyss:1)
  12 deep elf knights
  A salamander mystic (Snake:4)
  Nergalle (D:11)
  A spatial maelstrom (Abyss:1)
  A sea snake (shapeshifter) (Vaults:2)
  A glowing orange brain (Vaults:3)
  An unseen horror (Abyss:1)
  A shadow wraith (Vaults:2)
  A storm dragon skeleton (Vaults:4)
  A flayed ghost (Vaults:2)
  13 swamp dragons (Swamp:4)
  4 naga ritualists
  A large abomination (Abyss:1)
  2 wizards
  9 deep trolls
  3 deep elf archers
  Pikel (D:7)
  9 harpies
  10 ironbrand convokers
  A wolf spider zombie (D:13)
  5 necromancers
  13 orc knights
  14 deep elf magi
  5 orc sorcerers
  11 wolf spiders
  A shadow dragon skeleton (Vaults:4)
  A frost giant zombie (Depths:1)
  18 ugly things
  7 cyclopes
  A human zombie (Vaults:2)
  An elephant (Lair:4)
  28 black mambas
  8 mana vipers
  2 sphinx skeletons (Depths:1)
  7 salamanders
  A fire giant skeleton (Vaults:2)
  Joseph (D:7)
  2 centaur zombies
  4 guardian serpents
  15 vault sentinels
  An orange demon (Lair:6)
  A smoke demon (Abyss:1)
  11 naga magi
  15 spiny frogs
  A kobold demonologist (D:13)
  A rime drake (shapeshifter) (D:14)
  4 rime drakes (Lair:6)
  An efreet (D:15)
  7 komodo dragons
  2 hellwings
  5 freezing wraiths
  2 tengu conjurers
  15 yaktaurs
  3 ice devils (Lair:6)
  2 yaktaur skeletons
  A spriggan skeleton (Depths:1)
  2 red devils (Lair:6)
  A troll (shapeshifter) (Vaults:1)
  8 tyrant leeches
  A merfolk (D:11)
  2 polar bears
  5 trolls
  A raiju (shapeshifter) (Vaults:2)
  26 saltlings (Desolation)
  12 hornets
  24 slime creatures
  5 raiju (Abyss:1)
  14 blink frogs
  16 bog bodies
  3 human simulacra
  3 dream sheep
  A centaur simulacrum (D:13)
  4 flying skulls (Abyss:1)
  2 ettin skeletons
  11 hippogriffs
  3 shadows
  4 wraiths
  3 wyverns
  5 spriggans
  Eustachio (D:5)
  3 hogs (Swamp:1)
  6 basilisks
  23 yaks
  A hungry ghost (D:14)
  18 vampire mosquitoes
  Menkaure (D:7)
  10 wargs
  16 swamp worms
  3 acid dragons
  4 insubstantial wisps (Swamp:3)
  A deep troll zombie (Vaults:1)
  A small abomination (Abyss:1)
  A soldier ant (D:15)
  54 nagas
  Duvessa (D:5)
  11 porcupines
  11 water moccasins
  A porcupine (shapeshifter) (Vaults:3)
  3 hell hounds (Lair:6)
  52 orc warriors
  9 swamp drakes
  4 black bears (D:9)
  14 ice beasts
  2 sky beasts (D:5)
  3 slaves (D:7)
  2 spriggan simulacra (Depths:1)
  An orc zombie (Vaults:2)
  A black bear (shapeshifter) (Vaults:4)
  4 necrophages (Swamp:3)
  An eye of draining (D:13)
  6 phantoms
  15 wolves
  An ice dragon simulacrum (Depths:1)
  10 boggarts
  7 centaurs
  An orc skeleton (Vaults:1)
  39 ogres
  A human skeleton (Vaults:2)
  5 crocodiles
  An elf skeleton (Vaults:4)
  2 big kobolds (D:11)
  22 bullfrogs
  A big kobold (shapeshifter) (Vaults:1)
  A water moccasin skeleton (D:7)
  Dowan (D:5)
  6 scorpions
  8 killer bees
  25 wights
  An electric eel (Lair:1)
  A bullfrog zombie (D:10)
  5 howler monkeys (D:7)
  11 crimson imps
  2 quasits (Abyss:1)
  20 orc priests
  2 jellies
  4 bullfrog skeletons
  8 hounds
  7 centaur skeletons
  3 iguanas
  Natasha (thrice) (D:4)
  4 hell rats (Lair:6)
  8 worker ants
  25 orc wizards
  2 hound skeletons (D:7)
  A howler monkey zombie (D:8)
  7 gnolls
  2 worker ant zombies
  14 adders
  5 shadow imps
  An ooze (D:3)
  An adder zombie (Ossuary)
  An adder skeleton (D:9)
  A worm (D:2)
  5 dart slugs
  8 leopard geckos
  72 orcs
  6 bats
  8 giant cockroaches
  10 hobgoblins
  7 jackals
  4 quokkas
  5 ball pythons
  3 frilled lizards
  6 goblins
  3 hobgoblin skeletons (Ossuary)
  3 hobgoblin zombies (Ossuary)
  17 kobolds
  A kobold zombie (Ossuary)
  3 leopard gecko skeletons
  11 rats
  6 fungi
  A plant (Lair:4)
1431 creatures vanquished.

Vanquished Creatures (others)
  Nessos (D:13)
  A yaktaur captain (Vaults:4)
  A ragged hierophant (Desolation)
  A centaur warrior (Vaults:4)
  2 naga sharpshooters (Snake:1)
  A deep troll (Vaults:4)
  A necromancer (Vaults:2)
  A deep elf archer (Vaults:3)
  A cyclops (D:14)
  4 yaktaurs
  2 saltlings (Desolation)
  A raiju (shapeshifter) (D:15)
  2 humans (Swamp:1)
  A swamp drake (Swamp:3)
  A slave (D:7)
  A boggart (Vaults:2)
  A jelly (D:15)
  25 fungi
  6 plants
  2 starspawn tentacles (Abyss:1)
56 creatures vanquished.

Grand Total: 1487 creatures vanquished

Notes
Turn   | Place    | Note
-------+----------+-------------------------------------------
     0 | D:1      | Abuh the Deep Dwarf Fighter began the quest for the Orb.
     0 | D:1      | Reached XP level 1. HP: 20/20 MP: 1/1
   241 | D:1      | Reached XP level 2. HP: 24/27 MP: 2/2
   509 | D:1      | Reached XP level 3. HP: 26/34 MP: 3/3
  1073 | D:2      | Reached XP level 4. HP: 23/42 MP: 4/4
  1084 | D:2      | Found a radiant altar of Vehumet.
  1155 | D:2      | Found a deep blue altar of Sif Muna.
  1199 | D:2      | Found an ornate altar of the Wu Jian Council.
  1202 | D:2      | Found a faded altar of an unknown god.
  1387 | D:2      | Found a glowing silver altar of Zin.
  1478 | D:3      | Noticed a centaur
  1492 | D:3      | Killed a centaur
  1492 | D:3      | Reached XP level 5. HP: 13/49 MP: 5/5
  1725 | D:3      | Reached skill level 5 in Axes
  1927 | D:4      | Reached XP level 6. HP: 44/57 MP: 6/6
  2135 | D:4      | Noticed Natasha
  2143 | D:4      | Killed Natasha
  2227 | D:4      | Noticed Natasha
  2234 | D:4      | Killed Natasha
  2246 | D:4      | Noticed Natasha
  2251 | D:4      | Killed Natasha
  2251 | D:4      | Reached skill level 5 in Armour
  2495 | D:4      | Found a white marble altar of Elyvilon.
  2529 | D:5      | Entered Level 5 of the Dungeon
  2570 | D:5      | Found a burning altar of Makhleb.
  2697 | D:5      | Noticed Dowan
  2699 | D:5      | Found a sand-covered staircase.
  2699 | D:5      | Noticed Eustachio
  2699 | D:5      | Noticed Duvessa
  2711 | D:5      | Killed Dowan
  2711 | D:5      | Reached XP level 7. HP: 41/66 MP: 6/6
  2714 | D:5      | Killed Duvessa
  2726 | D:5      | Killed Eustachio
  2744 | Ossuary  | Entered an ossuary
  2849 | Ossuary  | Noticed a flying skull
  2849 | Ossuary  | Noticed a wraith
  2855 | Ossuary  | Noticed a flying skull
  2859 | Ossuary  | Noticed a flying skull
  2885 | Ossuary  | Noticed a flying skull
  2891 | Ossuary  | Noticed a flying skull
  2892 | Ossuary  | Noticed a wraith
  2905 | Ossuary  | Killed a wraith
  2905 | Ossuary  | Reached skill level 5 in Fighting
  2905 | Ossuary  | Reached XP level 8. HP: 49/74 MP: 7/7
  3362 | D:5      | Found an ancient bone altar of Kikubaaqudgha.
  3586 | D:5      | Found an iron altar of Okawaru.
  4114 | D:6      | Gained mutation: You passively map the area around you.
                  | [Deep Dwarf growth]
  4114 | D:6      | Reached XP level 9. HP: 73/82 MP: 8/8
  4457 | D:7      | Noticed Menkaure
  4472 | D:7      | Killed Menkaure
  4479 | D:7      | Noticed Pikel
  4497 | D:7      | Killed Pikel
  4497 | D:7      | Reached skill level 10 in Axes
  4521 | D:7      | Noticed Joseph
  4547 | D:7      | Killed Joseph
  4547 | D:7      | Reached XP level 10. HP: 42/94 MP: 9/9
  4572 | D:7      | Reached skill level 10 in Armour
  4605 | D:7      | Found a staircase to the Ecumenical Temple.
  4681 | D:7      | Identified the cursed +3 falchion of Absolution {freeze,
                  | Dex+3}
  4810 | D:7      | Found a sparkling altar of Nemelex Xobeh.
  5051 | Temple   | Entered the Ecumenical Temple
  5418 | D:5      | Became a worshipper of Makhleb the Destroyer
  5638 | D:8      | Found a sacrificial altar of Ru.
  5665 | D:8      | Reached skill level 1 in Evocations
  5739 | D:8      | Found a snail-covered altar of Cheibriados.
  5772 | D:8      | Found Ulyshug's Antique Armour Shoppe.
  5775 | D:8      | Bought a shiny helmet for 225 gold pieces
  5886 | D:8      | Noticed a two-headed ogre
  5896 | D:8      | Killed a two-headed ogre
  5896 | D:8      | Reached skill level 4 in Shields
  5928 | D:8      | Noticed a green ugly thing
  5942 | D:8      | Killed a green ugly thing
  6024 | D:8      | Found a shadowy altar of Dithmenos.
  6248 | D:9      | Reached skill level 5 in Shields
  6278 | D:9      | Reached * piety under Makhleb
  6412 | D:9      | Found a staircase to the Lair.
  6469 | D:9      | Reached XP level 11. HP: 77/103 MP: 12/12
  6473 | D:9      | Found a shimmering altar of Xom.
  6573 | D:9      | Reached skill level 6 in Shields
  6753 | D:9      | Noticed Harold
  6767 | D:9      | Killed Harold
  6949 | D:9      | Reached ** piety under Makhleb
  6970 | D:9      | Noticed a two-headed ogre
  6976 | D:9      | Killed a two-headed ogre
  7306 | D:10     | Entered Level 10 of the Dungeon
  7464 | D:10     | Reached skill level 7 in Shields
  7478 | D:10     | Reached skill level 5 in Evocations
  7758 | D:10     | Found a hazy altar of Hepliaklqana.
  8055 | D:11     | Reached *** piety under Makhleb
  8092 | D:11     | Noticed a cyan ugly thing
  8103 | D:11     | Killed a cyan ugly thing
  8238 | D:11     | Found a white marble altar of Elyvilon.
  8398 | D:11     | Reached skill level 8 in Shields
  8480 | D:11     | Noticed Snorg
  8482 | D:11     | Noticed Sonja
  8513 | D:11     | Killed Snorg
  8556 | D:11     | Cast into level 1 of the Abyss (Sonja)
  8626 | Abyss:1  | Noticed a tentacled starspawn
  8640 | Abyss:1  | Killed a tentacled starspawn
  8640 | Abyss:1  | Reached skill level 9 in Shields
  8640 | Abyss:1  | Reached XP level 12. HP: 47/112 MP: 13/13
  8678 | Abyss:1  | Found a corrupted altar of Lugonu.
  8712 | Abyss:1  | Found a corrupted altar of Lugonu.
  8785 | Abyss:1  | Reached **** piety under Makhleb
  8841 | Abyss:1  | Reached skill level 10 in Shields
  8957 | D:11     | Escaped the Abyss
  8971 | D:11     | Noticed Nergalle
  8985 | D:11     | Killed Nergalle
  9023 | D:11     | Paralysed by a hornet for 3 turns
  9177 | D:11     | Killed Sonja
  9454 | Lair:1   | Entered Level 1 of the Lair of Beasts
  9586 | Lair:1   | Identified the Reference Book on Heat and Moulding
  9623 | Lair:1   | Noticed Fannar
  9634 | Lair:1   | Killed Fannar
  9634 | Lair:1   | Reached skill level 11 in Shields
  9982 | Lair:2   | Found a staircase to the Swamp.
 10062 | Lair:2   | Noticed a death yak
 10063 | Lair:2   | Noticed a death yak
 10063 | Lair:2   | Noticed a death yak
 10064 | Lair:2   | Noticed a death yak
 10089 | Lair:2   | Killed a death yak
 10096 | Lair:2   | Killed a death yak
 10096 | Lair:2   | Reached XP level 13. HP: 97/123 MP: 13/13
 10177 | Lair:2   | Reached skill level 10 in Fighting
 10305 | Lair:2   | Reached ***** piety under Makhleb
 11206 | Lair:3   | Found a staircase to the Snake Pit.
 11507 | Lair:4   | Reached skill level 12 in Shields
 11787 | Lair:4   | Reached skill level 15 in Axes
 12779 | Lair:6   | Entered Level 6 of the Lair of Beasts
 12816 | Lair:6   | Got a smoking plate armour
 12860 | Lair:6   | Identified the +6 plate armour of the Dropbear {MR+ Str+4}
                  | (You found it on level 6 of the Lair of Beasts)
 12979 | Lair:6   | Noticed a dire elephant
 12980 | Lair:6   | Reached skill level 13 in Shields
 12992 | Lair:6   | Killed a dire elephant
 13238 | Lair:6   | Gained mutation: You resist negative energy. (rN+) [Deep
                  | Dwarf growth]
 13238 | Lair:6   | Reached XP level 14. HP: 133/133 MP: 14/14
 13326 | Lair:6   | Found a staircase to the Slime Pits.
 13326 | Lair:6   | Found a viscous altar of Jiyva.
 13452 | Lair:6   | Found a burning altar of Makhleb.
 13544 | Lair:6   | Found a gateway to Hell.
 14258 | D:12     | Got a glittering bone ring
 14259 | D:12     | Identified the ring of Jyeniew {rCorr Str+4} (You found it
                  | on level 12 of the Dungeon)
 14264 | D:12     | Found a staircase to the Orcish Mines.
 14352 | D:12     | Reached ****** piety under Makhleb
 14642 | D:12     | Reached skill level 14 in Shields
 15307 | D:13     | Found a flagged portal.
 15313 | Bailey   | Entered a bailey
 15695 | D:13     | Noticed Nessos
 15710 | D:13     | Killed Nessos
 16354 | D:14     | Found a gate leading to a gauntlet.
 16543 | D:14     | Found a frozen archway.
 16551 | IceCv    | Entered an ice cave
 16763 | D:14     | Found a gate to the Vaults.
 16964 | D:15     | Entered Level 15 of the Dungeon
 17078 | D:15     | Reached XP level 15. HP: 113/141 MP: 15/15
 17114 | D:15     | Reached skill level 15 in Shields
 17490 | D:15     | Found a staircase to the Depths.
 17567 | D:15     | Found a large runed translucent door.
 17570 | D:15     | Found a large runed translucent door.
 17610 | D:15     | Noticed a fire giant
 17629 | D:15     | Killed a fire giant
 17644 | D:15     | Found a white marble altar of Elyvilon.
 17651 | D:15     | Found a white marble altar of Elyvilon.
 17777 | D:15     | Reached skill level 16 in Shields
 17976 | Orc:1    | Entered Level 1 of the Orcish Mines
 18106 | Orc:1    | Noticed an orc warlord
 18123 | Orc:1    | Killed an orc warlord
 18282 | Orc:1    | Found a roughly hewn altar of Beogh.
 18295 | Orc:1    | Gained mutation: You are dopey. (Int -2) [a neqoxec]
 18512 | Orc:2    | Entered Level 2 of the Orcish Mines
 18559 | Orc:2    | Reached skill level 17 in Shields
 18576 | Orc:2    | Found Eluoroicw's General Store.
 18586 | Orc:2    | Bought a scroll of enchant weapon for 120 gold pieces
 18597 | Orc:2    | Found Nunn's Jewellery Emporium.
 18609 | Orc:2    | Noticed an orc warlord
 18641 | Orc:2    | Killed an orc warlord
 18666 | Orc:2    | Bought the ring "Secune" {rElec rN+ Str+6} for 559 gold
                  | pieces
 18829 | Orc:2    | Found Ocwolit's Antique Armour Emporium.
 18846 | Orc:2    | Bought a faintly humming shield for 313 gold pieces
 18846 | Orc:2    | Identified the cursed -1 shield of Mutualism {Int+4} (You
                  | bought it in a shop on level 2 of the Orcish Mines)
 18940 | Orc:2    | Found a roughly hewn altar of Beogh.
 18997 | Orc:2    | Found Zetoemonn's Antique Weapon Shop.
 19005 | Orc:2    | Bought an ancient battleaxe for 310 gold pieces
 19005 | Orc:2    | Identified the +4 battleaxe "Musogy" {flame, rElec} (You
                  | bought it in a shop on level 2 of the Orcish Mines)
 19021 | Orc:2    | Found a staircase to the Elven Halls.
 19481 | Swamp:1  | Entered Level 1 of the Swamp
 19511 | Swamp:1  | Noticed Kirke
 19529 | Swamp:1  | Killed Kirke
 19621 | Swamp:1  | Reached skill level 18 in Shields
 19643 | Swamp:1  | Noticed Nikola
 19673 | Swamp:1  | Killed Nikola
 19673 | Swamp:1  | Reached XP level 16. HP: 147/150 MP: 16/16
 19775 | Swamp:1  | Noticed Louise
 19801 | Swamp:1  | Killed Louise
 19943 | Swamp:1  | You fall into a shaft and drop 1 floor!
 19943 | Swamp:2  | Noticed Frances
 19958 | Swamp:2  | Killed Frances
 20077 | Swamp:2  | Reached skill level 19 in Shields
 21244 | Swamp:4  | Entered Level 4 of the Swamp
 21277 | Swamp:4  | Found a hazy altar of Hepliaklqana.
 21374 | Swamp:4  | Reached skill level 20 in Shields
 21575 | Swamp:4  | Got a decaying rune of Zot
 21831 | Snake:1  | Entered Level 1 of the Snake Pit
 21838 | Snake:1  | Reached skill level 21 in Shields
 21956 | Snake:1  | Reached XP level 17. HP: 157/157 MP: 17/17
 22049 | Snake:1  | Found an opulent altar of Gozag.
 23357 | Snake:3  | Reached skill level 22 in Shields
 24159 | Snake:4  | Entered Level 4 of the Snake Pit
 24408 | Snake:4  | Reached skill level 23 in Shields
 24607 | Snake:4  | Got a serpentine rune of Zot
 24910 | Vaults:1 | Entered Level 1 of the Vaults
 25008 | Vaults:1 | Gained mutation: You passively map a large area around you.
                  | [Deep Dwarf growth]
 25008 | Vaults:1 | Reached XP level 18. HP: 165/165 MP: 18/18
 25158 | Vaults:1 | Reached skill level 24 in Shields
 25743 | Vaults:1 | Reached skill level 25 in Shields
 26252 | Vaults:2 | Reached XP level 19. HP: 145/177 MP: 19/19
 26395 | Vaults:2 | Found a ruined gateway.
 26409 | Desolati | Entered the Desolation of Salt
 26500 | Desolati | Got a fine marble ring
 26506 | Desolati | Identified the Guide on Supportive Orientation
 26523 | Desolati | Got a twitching pewter amulet
 26524 | Desolati | Identified the amulet of Moodiness {+Rage rElec} (You found
                  | it in the Desolation of Salt)
 26526 | Desolati | Identified the cursed ring of the Oligarchy {rElec rC+ EV-4
                  | Slay+3} (You found it in the Desolation of Salt)
 27390 | Vaults:2 | Found a runed translucent gate.
 27390 | Vaults:2 | Found a runed translucent gate.
 27390 | Vaults:2 | Found a runed translucent gate.
 27391 | Vaults:2 | Noticed Azul's ghost (veteran MiFi)
 27462 | Vaults:3 | Found a staircase to the Crypt.
 27528 | Vaults:3 | Reached skill level 15 in Fighting
 28283 | Vaults:3 | Reached XP level 20. HP: 199/199 MP: 20/20
 29505 | Vaults:4 | Found Gojuitor's Antique Weapon Shop.
 29531 | Vaults:4 | Found a flickering gateway to a bazaar.
 29713 | Vaults:4 | Found Jaraet's Antique Armour Emporium.
 29717 | Vaults:4 | Bought a pair of shimmering boots for 304 gold pieces
 29722 | Vaults:4 | Identified the +2 pair of boots "Xebemer" {Int+7} (You
                  | bought it in a shop on level 4 of the Vaults)
 30056 | Vaults:5 | Entered Level 5 of the Vaults
 30309 | Depths:1 | Entered Level 1 of the Depths
 30533 | Depths:1 | Killed from afar by a frost giant

Levels and vault maps discovered:
D:1:      onia_arrival_handbag, layout_loops_ring, minmay_quantized
D:2:      layout_rooms, overflow_temple_1_default, lemuel_crystal_altar,
          lemuel_blue_sif_altar, fiery_altar_vehumet, first_ration,
          chequers_ecumenical_altar_simple, solitary_fountain
D:3:      layout_rooms
D:4:      layout_loops_cross, elyvilon_altar_4, uniq_natasha
D:5:      layout_basic, nicolae_overflow_hidden_temple,
          kennysheep_okawaru_gauntlet, nicolae_overflow_crystal_walls,
          enter_ossuary_2, uniq_eustachio, uniq_duvessa
D:6:      layout_gridville, mumra_transporter_accident, minmay_statues_item
D:7:      layout_rooms, lemuel_crystal_altar, minmay_temple_entry_sparse_star,
          uniq_pikel, uniq_joseph, uniq_menkaure
D:8:      layout_basic, grunt_dithmenos_shadows, lemuel_doored_altar,
          kennysheep_mini, serial_shops, nicolae_shop_stone
D:9:      layout_loops_corners, marbit_many_paths, due_lair_maze_entry_diamond,
          uniq_harold
D:10:     layout_irregular_city, basic_altar
D:11:     layout_basic, basic_altar, hangedman_fish_farm, uniq_sonja,
          uniq_nergalle, uniq_snorg
D:12:     layout_cave_pools, orc_david_3, grunt_ministairs_11,
          kennysheep_generic_room_13
D:13:     layout_long_grid, enter_bailey_2, nicolae_wwwww, grunt_ministairs_1,
          st_stairs_14, uniq_nessos
D:14:     layout_basic, david_vaults_1, portal_ice_cave_entry_ice_beasts,
          gauntlet_entry_generic, hangedman_decor_push, serial_corexii_hall,
          corexii_hall_statues_u, chequers_hall_statues_wall_a,
          minmay_sticks_and_stones
D:15:     grunt_enter_depths_hoard, layout_basic, hangedman_decor_points,
          corexii_corridor_pit, jmf_multi_god_temple2
Temple:   compressed_dpeg_triangle_lava_temple
Lair:1:   layout_misc_corridors, nicolae_quartered_pool_medium, uniq_fannar
Lair:2:   layout_long_grid, minmay_swamp_entry_worms, lemuel_fruit_tree
Lair:3:   layout_long_grid, dummy_snake_entry, grunt_forest_small_clearings,
          cheibrodos_lair_caveside_slide, minivault_23, grunt_megastairs_5,
          minmay_lair_oklob_chamber
Lair:4:   layout_hall_layers, minmay_shattered_shrine
Lair:5:   layout_loops_ring, grunt_megastairs_2
Lair:6:   evil_forest, layout_small_grid, slime_altar_1
Swamp:1:  layout_basic_swamp, nicolae_swamp_round_clearing, uniq_nikola,
          uniq_kirke, uniq_louise
Swamp:2:  layout_basic_swamp, hangedman_swamp_pad, swamp_pool5, uniq_frances
Swamp:3:  layout_basic_swamp, hangedman_swamp_ruin_wall, roderic_carrion_pond,
          infiniplex_staircase_pool
Swamp:4:  swamp_basic_johnstein, layout_basic_swamp, swamp_pool3,
          lemuel_altar_in_water
Snake:1:  layout_cave_shapes, basic_altar, grunt_megastairs_1
Snake:2:  layout_layer_cave, grunt_ministairs_4, drop_trap
Snake:3:  layout_cave_shapes, st_stairs_1
Snake:4:  minmay_snake_end_coiled, layout_misc_corridors
Orc:1:    orc_temple, layout_diamond_mine, basic_altar
Orc:2:    grunt_orc_gardens, layout_caves, grunt_orc_garden, grunt_orc_garden,
          grunt_orc_garden, grunt_orc_garden, basic_altar
Vaults:1: nicolae_vaults_diagonal_hallway_9, vaults_room_stairs_pillars,
          hangedman_vaults_restitches, vaults_room_fours,
          hangedman_vaults_river_flow, ontoclasm_vaults_ligature,
          nicolae_vaults_border_crossing, hangedman_vaults_unwind, v_pattern_3,
          grunt_vaults_hallway_short, v_misc_25, ontoclasm_vaults_shuriken,
          layout_vaults_omnibox, serial_glass
Vaults:2: gammafunk_vaults_ghost_spectres, v_misc_25, v_rooms_2,
          hangedman_vaults_corner, nicolae_vaults_little_squares_4,
          ontoclasm_vaults_eye, hangedman_vaults_capsules,
          layout_vaults_big_room, portal_desolation_entry_nicolae_slug
Vaults:3: grunt_vaults_funneled_arena, v_misc_9, hangedman_vaults_pinch,
          vaults_room_semicircle, hangedman_vaults_impose,
          ontoclasm_vaults_twist, layout_vaults_omnigrid
Vaults:4: vaults_room_grunt_arrival_ludios, vaults_room_hallway,
          hangedman_vaults_locks, nicolae_vaults_little_squares_1,
          nicolae_vaults_theta, v_misc_14, nicolae_vaults_network_periphery,
          v_misc_16, vaults_mumra_hex, grunt_vaults_bifocal,
          grunt_vaults_trifunnel, v_pattern_4, v_misc_17,
          layout_vaults_maze_snakey, serial_shops, freezing_bzr,
          nicolae_shop_trees, shop
Vaults:5
Depths:1: grunt_house_of_mirrors, layout_gridville, enter_ziggurat_e,
          minmay_misc_feat_plants, grunt_metal_band, lemuel_statue_altar,
          minmay_shoptagon

Skill      XL: |  1  2  3  4  5  6  7  8  9 10 11 12 13 14 15 16 17 18 19 20 |
---------------+-------------------------------------------------------------+-----
Axes           | 3 4 5 6 7 9 10 11 12 14 15 18 | 18.0
Fighting       | 3 4 5 6 7 8 9 10 11 12 16 18 | 18.6
Armour         | 4 5 6 7 9 10 11 | 11.0
Evocations     | 3 5 |  5.1
Shields        | 5 9 11 13 14 18 21 23 25 | 25.0

Action                   |  1- 3 |  4- 6 |  7- 9 | 10-12 | 13-15 | 16-18 | 19-21 || total
-------------------------+-------+-------+-------+-------+-------+-------+-------++-------
Melee: War axe           |   100 |   182 |   273 |    82 |       |       |       ||   637
       Broad axe         |       |       |       |   770 |  1355 |  1366 |   776 ||  4267
 Abil: Heal Wounds       |       |     4 |     8 |    25 |     3 |       |     4 ||    44
  Use: Scroll            |       |       |    15 |     7 |    14 |     4 |     7 ||    47
       Potion            |       |       |     8 |       |       |       |     9 ||    17
 Stab: Confused          |       |       |       |       |       |     2 |       ||     2
       Distracted        |       |       |       |       |       |     1 |       ||     1
  Eat: Chunk             |     1 |     5 |     3 |    11 |    14 |    11 |    12 ||    57
       Ration            |       |       |     1 |     3 |     6 |     3 |     1 ||    14
Armor: Scale mail        |    37 |    97 |    82 |       |       |       |       ||   216
       Plate armour      |       |       |   121 |   439 |   430 |   347 |   139 ||  1476
Dodge: Dodged            |    30 |    55 |    60 |    87 |   121 |   135 |    48 ||   536
Block: Shield            |    33 |   128 |   191 |    18 |       |       |       ||   370
       Large shield      |       |       |       |   654 |  1587 |  1686 |   660 ||  4587
       Reflection        |       |       |       |       |    26 |   150 |    45 ||   221

Table legend:
 A = Non-vault XP
 B = Vault XP
 C = Vault XP percentage of total XP
 D = Non-vault monster count
 E = Vault monster count
 F = Vault count percentage of total count
                 A         B        C        D         E       F
            +---------+---------+-------+---------+---------+-------
      Total |  290699 |  268403 |  48.0 |     938 |     500 |  34.8
            +---------+---------+-------+---------+---------+-------
        D:1 |      45 |      11 |  19.6 |      25 |       8 |  24.2
        D:2 |      89 |       0 |   0.0 |      25 |       0 |   0.0
        D:3 |     210 |       0 |   0.0 |      18 |       0 |   0.0
        D:4 |     229 |      35 |  13.3 |      19 |       1 |   5.0
        D:5 |     700 |     414 |  37.2 |      13 |       3 |  18.8
        D:6 |     942 |       0 |   0.0 |      24 |       0 |   0.0
        D:7 |    1725 |    1290 |  42.8 |      43 |       3 |   6.5
        D:8 |    2337 |     125 |   5.1 |      20 |       1 |   4.8
        D:9 |    2766 |    2458 |  47.1 |      29 |      13 |  31.0
       D:10 |    2600 |       0 |   0.0 |      28 |       0 |   0.0
       D:11 |    2177 |    3059 |  58.4 |      35 |       4 |  10.3
       D:12 |    3547 |    1784 |  33.5 |      15 |      10 |  40.0
       D:13 |    6095 |    1796 |  22.8 |      33 |       5 |  13.2
       D:14 |    8838 |    4558 |  34.0 |      18 |      14 |  43.8
       D:15 |    9930 |    8479 |  46.1 |      27 |       8 |  22.9
     Lair:1 |    1639 |    1028 |  38.5 |       8 |       1 |  11.1
     Lair:2 |    7145 |    1226 |  14.6 |      20 |       6 |  23.1
     Lair:3 |     304 |    1116 |  78.6 |       2 |       5 |  71.4
     Lair:4 |    1215 |    2159 |  64.0 |       9 |       9 |  50.0
     Lair:5 |    3017 |    1591 |  34.5 |       8 |       4 |  33.3
     Lair:6 |    9228 |   10978 |  54.3 |      37 |      26 |  41.3
    Swamp:1 |    8697 |    8590 |  49.7 |      22 |       6 |  21.4
    Swamp:2 |    8745 |    2260 |  20.5 |      24 |       1 |   4.0
    Swamp:3 |    6963 |     501 |   6.7 |      24 |       4 |  14.3
    Swamp:4 |    9194 |   21239 |  69.8 |      26 |      34 |  56.7
    Snake:1 |   14089 |     587 |   4.0 |      31 |       2 |   6.1
    Snake:2 |   11763 |     609 |   4.9 |      23 |       2 |   8.0
    Snake:3 |   10472 |    1439 |  12.1 |      24 |       2 |   7.7
    Snake:4 |   13950 |   19906 |  58.8 |      25 |      38 |  60.3
      Orc:1 |    2728 |    6437 |  70.2 |      25 |      28 |  52.8
      Orc:2 |    4528 |    9264 |  67.2 |      33 |      27 |  45.0
   Vaults:1 |   42452 |   31517 |  42.6 |      72 |      38 |  34.5
   Vaults:2 |   30385 |   12793 |  29.6 |      52 |      23 |  30.7
   Vaults:3 |   34324 |   21248 |  38.2 |      51 |      27 |  34.6
   Vaults:4 |   16331 |   40532 |  71.3 |      25 |      46 |  64.8
   Depths:1 |       0 |   24934 | 100.0 |       0 |      24 | 100.0
    Abyss:1 |   11300 |       0 |   0.0 |      25 |       0 |   0.0
    Ossuary |       0 |     653 | 100.0 |       0 |      14 | 100.0
     Bailey |       0 |     169 | 100.0 |       0 |      13 | 100.0
      IceCv |       0 |     749 | 100.0 |       0 |       5 | 100.0
 Desolation |       0 |   22869 | 100.0 |       0 |      45 | 100.0
            +---------+---------+-------+---------+---------+-------
